 Dungeon Crawl Stone Soup version 0.32-a0-960-g3814254bd7 (webtiles) character file.

Game seed: 6285885445346715627

65 Revguard the Shield-Bearer (level 4, -1/37 HPs)
             Began as a Formicid Fighter on Apr 17, 2024.
             Slain by Crazy Yiuf
             ... wielding a +4 quarterstaff of chaos
              (13 damage)
             ... on level 2 of the Dungeon.
             The game lasted 00:03:55 (1310 turns).

Revguard the Shield-Bearer (Formicid Fighter)       Turns: 1310, Time: 00:03:56

Health: -1/37      AC:  8    Str: 22    XL:     4   Next: 35%
Magic:  4/4        EV:  9    Int:  8    God:
Gold:   84         SH:  5    Dex: 13    Spells: 3/3 levels left

rFire   . . .        a - +0 war axe
rCold   . . .        c - +0 buckler
rNeg    + . .        b - +0 scale mail
rPois   .            (helmet unavailable)
rElec   .            (no cloak)
rCorr   .            d - +0 pair of gloves
SInv    +            (no boots)
Will    .....        (no amulet) Stlth
                     i - ring of positive energy
HPRegen 0.26/turn    (no ring)
MPRegen 0.09/turn

%: no passive effects
@: no status effects
A: permanent stasis, dig shafts and tunnels, antennae 3, four strong arms
a: Dig, Shaft Self


You were on level 2 of the Dungeon.
You visited 1 branch of the dungeon, and saw 2 of its levels.

You collected 84 gold pieces.

Inventory:

Hand Weapons
 a - a +0 war axe (weapon)
Armour
 b - a +0 scale mail (worn)
 c - a +0 buckler (worn)
 d - a +0 pair of gloves (worn)
Jewellery
 i - a ring of positive energy (left hand)
Scrolls
 e - 2 scrolls of enchant armour {unknown}
 j - a scroll of torment {unknown}
 k - 2 scrolls of noise {unknown}
Potions
 f - a potion of brilliance {unknown}
 g - a potion of curing {unknown}
 h - a potion of degeneration {unknown}


   Skills:
 * Level 3.9 Fighting
 * Level 2.6 Axes
 + Level 3.6 Armour
 + Level 1.0 Dodging
 + Level 4.2 Shields
 + Level 1.0 Invocations
 + Level 1.0 Evocations


You had 3 spell levels left.
You didn't know any spells.
Your spell library contained the following spells:

 Spells                   Type           Power      Damage    Failure   Level
 Freeze                   Ice            0%         1d3       80%         1
 Frozen Ramparts          Ice            0%         1d1       99%         3
 Hailstorm                Conj/Ice       0%         3d5       99%         3


Dungeon Overview and Level Annotations

Branches:
Dungeon (2/15)

Altars:

Annotations:
D:2 Crazy Yiuf


Innate Abilities, Weirdness & Mutations

You cannot be hasted, slowed, berserked, paralysed or teleported.
You can dig through walls and to a lower floor.
You have a pair of large antennae on your head. (SInv)
Your four strong arms can wield two-handed weapons with a shield.


Message History

The frilled lizard barely misses you.
You see here a hobgoblin corpse.
The frilled lizard closely misses you.
You miss the frilled lizard. You hit the endoplasm. The endoplasm freezes you.
You are frozen.
The frilled lizard closely misses you.
You slash the frilled lizard!
You kill the frilled lizard!
You hit the endoplasm. The endoplasm hits you.
The endoplasm closely misses you.
The endoplasm hits you but does no damage.
You see here a frilled lizard corpse.
You slash the endoplasm!
You kill the endoplasm!
You see here a hobgoblin corpse.
You see here a +0 mace.
You see here a +0 pair of gloves.
You start putting on your armour.
You continue putting on your +0 pair of gloves. x4
You finish putting on your +0 pair of gloves.
k - a scroll labelled VELIKO LEDYLLI
Found a hand axe.
Found a mace.
Found a stone staircase leading down.
k - 2 scrolls labelled VELIKO LEDYLLI (gained 1) As you open the door, it creaks loudly!
Found a ring mail.
You see here a +0 hammer.
Found a runed translucent door.
Crazy Yiuf shouts!
Crazy Yiuf says, "Cake sing-song koolooloo!"
You open the door. You hit Crazy Yiuf but do no damage.
Crazy Yiuf yells, "Cholesterol leg canine!"
Crazy Yiuf hits you with a +4 quarterstaff of chaos!
You are electrocuted!
You hit Crazy Yiuf.
Crazy Yiuf is lightly wounded.
Crazy Yiuf hits you with a +4 quarterstaff of chaos!
You die...

#....#
#....###..#
#..†.†.
#....#
##..## #..#
#......
#....#
#.)..# #..#
#......
#..[.#
##.).# #..#
#......
######
##.## #..#
#......
##.# ####
#......
#.##
#......
##.#
#......
#@##
###...# #g#
#.... ...
#.... #...#
#.... #)..#
#.... #####
####. #. #.
#.


You could see Crazy Yiuf.

Vanquished Creatures
  Robin (D:2)
  A ribbon worm (D:2)
  4 bats
  An endoplasm (D:2)
  11 goblins
  10 hobgoblins
  4 quokkas (D:1)
  2 ball pythons (D:1)
  A frilled lizard (D:2)
  4 kobolds
  6 rats
45 creatures vanquished.

Notes
Turn   | Place    | Note
-------+----------+-------------------------------------------
     0 | D:1      | Revguard the Formicid Fighter began the quest for the Orb.
     0 | D:1      | Reached XP level 1. HP: 18/18 MP: 1/1
    52 | D:1      | Reached XP level 2. HP: 21/24 MP: 2/2
   364 | D:1      | Reached XP level 3. HP: 29/29 MP: 3/3
  1042 | D:2      | Noticed Robin
  1056 | D:2      | Killed Robin
  1057 | D:2      | Reached skill level 1 in Invocations
  1057 | D:2      | Reached XP level 4. HP: 24/37 MP: 4/4
  1066 | D:2      | Reached skill level 1 in Evocations
  1127 | D:2      | Reached skill level 1 in Dodging
  1304 | D:2      | Found a runed translucent door.
  1305 | D:2      | Noticed Crazy Yiuf
  1310 | D:2      | Slain by Crazy Yiuf

Illustrated notes

Levels and vault maps discovered:
D:1:      kennysheep_arrival_forest, layout_basic
D:2:      layout_basic, minmay_misc_feat_tiny, uniq_robin,
          uniq_crazy_yiuf_cottage

Skill      XL: |  1  2  3  4 |
---------------+-------------+-----
Invocations    | 1 |  1.0
Evocations     | 1 |  1.0
Dodging        | 1 |  1.0
Fighting       | |  3.9
Axes           | |  2.6
Armour         | |  3.6
Shields        | |  4.2

Action                     |  1- 3 |  4- 6 || total
---------------------------+-------+-------++-------
  Melee: War axe           |    84 |    15 ||    99
    Use: Potion            |     1 |       ||     1
 Armour: Scale mail        |    71 |     7 ||    78
  Dodge: Dodged            |    53 |     7 ||    60
  Block: Buckler           |    34 |     2 ||    36

Table legend: (Time is in decaauts)
 A = Elapsed time spent in this place.
 B = Non-inter-level travel time spent in this place.
 C = Inter-level travel time spent in this place.
 D = Time resting spent in this place.
 E = Time spent auto-exploring this place.
 F = Levels seen in this place.
 G = Mean time per level.
                   A        B        C        D        E       F      G
               +--------+--------+--------+--------+--------+-----+--------+
         Total |   1349 |   1336 |     13 |      0 |   1008 |   2 |  674.5 |
       Dungeon |   1349 |   1336 |     13 |      0 |   1008 |   2 |  674.5 |
               +--------+--------+--------+--------+--------+-----+--------+

Top non-repeatable levels by time:
     D:1: 698 daAuts
     D:2: 651 daAuts
